 Dungeon Crawl Stone Soup version 0.23-a0-767-gdc19b93d68 (webtiles) character file.

12912 Adamkad1 the Thrower (level 11, -6/113 HPs)
             Began as a Troll Hunter on Jan 26, 2019.
             Was an Elder of Okawaru.
             Mangled by a wolf spider zombie (14 damage)
             ... on level 11 of the Dungeon.
             The game lasted 00:20:20 (10541 turns).

Adamkad1 the Thrower (Troll Hunter)                Turns: 10541, Time: 00:20:21

Health: -6/113     AC:  6    Str: 22    XL:     11   Next: 68%
Magic:  9/10       EV: 14    Int:  7    God:    Okawaru [****..]
Gold:   998        SH:  0    Dex: 16    Spells: 10/10 levels left

rFire    . . .     SeeInvis .     - Unarmed
rCold    . . .     Gourm    +   (no shield)
rNeg     + . .     Faith    +   b - +1 robe
rPois    .         Spirit   .   (helmet restricted)
rElec    .         Reflect  .   (no cloak)
rCorr    .         Harm     .   (gloves unavailable)
MR       .....                  (boots unavailable)
Stlth    ++........             i - amulet of faith
HPRegen  0.68/turn              p - ring of positive energy
MPRegen  0.12/turn              o - +3 ring of dexterity

@: no status effects
A: large, unfitting armour, claws 3, fast metabolism 3, gourmand, regeneration
1, shaggy fur 1, tough skin 2
a: Heroism, Renounce Religion


You were on level 11 of the Dungeon.
You worshipped Okawaru.
Okawaru was greatly pleased with you.
You were completely stuffed.

You visited 2 branches of the dungeon, and saw 12 of its levels.
You also visited: Ossuary.

You collected 998 gold pieces.

Inventory:

Hand Weapons
 a - a +1 short sword
Missiles
 d - a silver tomahawk (quivered)
 v - 276 stones
 x - 11 tomahawks
 J - 5 poisoned javelins
 M - 8 javelins
Armour
 b - a +1 robe (worn)
Jewellery
 i - an amulet of faith (around neck)
 o - a +3 ring of dexterity (right claw)
 p - a ring of positive energy (left claw)
 z - an uncursed ring of wizardry
Wands
 n - a wand of paralysis (3)
 t - a wand of acid (10)
 y - a wand of disintegration (7)
Scrolls
 c - 2 scrolls of blinking
 h - 6 scrolls of identify
 j - 2 scrolls of enchant weapon
 k - 2 scrolls of magic mapping
 l - a scroll of remove curse
 r - 5 scrolls of teleportation
 s - 2 scrolls of enchant armour
 G - a scroll of amnesia
Potions
 e - 6 potions of curing
 g - 2 potions of resistance
 m - 2 potions of might
 w - a potion of ambrosia
 A - 3 potions of agility {unknown}
 B - a potion of heal wounds {unknown}
 C - 2 potions of haste
 D - 2 potions of flight {unknown}
 E - a potion of invisibility
 F - 2 potions of berserk rage {unknown}
 H - a potion of cancellation {unknown}
Comestibles
 f - 19 rations


   Skills:
 * Level 8.3 Fighting
 * Level 10.2 Throwing
 + Level 6.3 Dodging
 - Level 0.3 Stealth
 * Level 10.2 Unarmed Combat


You had 10 spell levels left.
You didn't know any spells.
Your spell library contained the following spells:

 Spells                   Type           Power        Failure   Level  Hunger
 Apportation              Tloc           #.....       43%         1    ##.....
 Corona                   Hex            #......      43%         1    ##.....
 Summon Butterflies       Summ           #.......     43%         1    ##.....
 Ensorcelled Hibernation  Hex/Ice        #.....       56%         2    ###....
 Confuse                  Hex            #.......     80%         3    ####...
 Dazzling Spray           Conj/Hex       #.....       80%         3    ####...
 Lesser Beckoning         Tloc           #.........   80%         3    ####...
 Tukima's Dance           Hex            #.......     80%         3    ####...
 Alistair's Intoxication  Tmut/Pois      #.......     100%        5    ######.
 Invisibility             Hex            #.......     100%        6    #######


Dungeon Overview and Level Annotations

Branches:
Dungeon (11/15)            Temple (1/1) D:5             Orc (0/2) D:9
   Lair: D:8-11

Altars:
Ashenzari
Cheibriados
Dithmenos
Elyvilon
Fedhas
Gozag
Hepliaklqana
Kikubaaqudgha
Makhleb
Nemelex Xobeh
Okawaru
Qazlal
Ru
Sif Muna
Trog
Uskayaw
Vehumet
Wu Jian
Xom
Yredelemnul
Zin
The Shining One

Annotations:
D:3 2 runed doors, Tinylith's ghost, amateur KoCj


Innate Abilities, Weirdness & Mutations

You are too large for most types of armour.
You have claws for hands.
Your metabolism is lightning-fast.
You like to eat raw meat.
Your natural rate of healing is unusually fast.
You are covered in fur. (AC +1)
You have very tough skin. (AC +2)


Message History

The wolf spider zombie barely misses you.
The wolf spider zombie bites you.
* * * LOW HITPOINT WARNING * * *
You feel like a meek peon again.
Throwing (i - inventory. (/) - cycle)
d - 2 silver tomahawks (quivered)
Press: ? - help, Shift-Dir - straight line, f/p - wolf spider zombie
Aim: a wolf spider zombie (severely damaged)
You throw a silver tomahawk.
The silver tomahawk hits the wolf spider zombie!
The wolf spider zombie is severely damaged.
The wolf spider zombie hits you!
* * * LOW HITPOINT WARNING * * *
The wolf spider zombie bites you!
* * * LOW HITPOINT WARNING * * *
The wolf spider zombie hits you.
* * * LOW HITPOINT WARNING * * *
The wolf spider zombie bites you.
* * * LOW HITPOINT WARNING * * *
You feel better. The wolf spider zombie hits you!
You die...

#..##.# #........# #.###.#
######.### #.# #.# #(# #.# #.#
#.# #.# #.# #(# #.# #.# #.# #.#
#.# #(# #.# #.# #Z# #.#
#.###### #@# #.#
#......###.####### #.#
####..^..........# #.#
#.#.###.......# #.# #.#.#
##รท..##.### #.# #.#.#
#.........# #.# ##.#.#
#....##.#.# u.
#.#####....###.#.###.#.#####...
#................##............


You could see a wolf spider zombie.

Vanquished Creatures
  Harold (D:9)
  A hydra (D:11)
  A death yak (D:10)
  2 two-headed ogres (D:11)
  An unseen horror (D:11)
  Pikel (D:5)
  An ugly thing (D:11)
  5 gargoyles
  A kobold demonologist (D:6)
  2 hippogriffs (D:10)
  Sigmund (D:2)
  A vampire (D:11)
  6 yaks (D:9)
  Menkaure (D:6)
  Edmund (D:4)
  A hungry ghost (D:11)
  A water moccasin (D:11)
  5 sky beasts
  6 orc warriors
  2 ice beasts (D:11)
  A slave (D:5)
  3 phantoms
  2 centaurs
  A big kobold (D:7)
  Blork the orc (D:6)
  A gnoll sergeant (D:10)
  9 bullfrogs
  A wyvern zombie (D:6)
  A wyvern skeleton (D:10)
  3 scorpions
  10 wights
  3 electric eels (D:7)
  A howler monkey (D:6)
  6 crimson imps
  2 centaur zombies
  2 bullfrog zombies (D:5)
  2 hounds (D:9)
  A centaur skeleton (D:5)
  A jelly (D:11)
  2 orc priests
  5 iguanas
  7 worker ants
  4 orc wizards
  2 big kobold zombies (Ossuary)
  8 mummies (Ossuary)
  Robin (D:2)
  10 adders
  13 gnolls
  A river rat (D:11)
  An ooze (D:1)
  2 adder skeletons
  4 worms
  A dart slug (D:2)
  8 leopard geckos
  31 orcs
  5 ball pythons
  6 giant cockroaches
  3 gnoll zombies
  15 goblins
  9 hobgoblins
  2 jackals (D:2)
  7 quokkas
  5 bats
  7 frilled lizards
  A giant cockroach zombie (D:5)
  3 hobgoblin zombies (Ossuary)
  5 kobolds
  A kobold zombie (Ossuary)
  An orc zombie (Ossuary)
  A quokka skeleton (D:5)
  2 rats
265 creatures vanquished.

Vanquished Creatures (others)
  A slave (D:6)
  2 gnolls (D:6)
3 creatures vanquished.

Grand Total: 268 creatures vanquished

Notes
Turn   | Place    | Note
-------+----------+-------------------------------------------
     0 | D:1      | Adamkad1 the Troll Hunter began the quest for the Orb.
     0 | D:1      | Reached XP level 1. HP: 19/19 MP: 0/0
   153 | D:1      | Reached XP level 2. HP: 14/28 MP: 1/1
   263 | D:1      | Reached skill level 1 in Unarmed Combat
   682 | D:1      | Reached XP level 3. HP: 22/35 MP: 2/2
   881 | D:2      | Noticed Robin
   923 | D:2      | Reached XP level 4. HP: 42/42 MP: 3/3
  1028 | D:2      | Killed Robin
  1089 | D:2      | Found a radiant altar of Vehumet.
  1182 | D:2      | Noticed Sigmund
  1188 | D:2      | Killed Sigmund
  1188 | D:2      | Reached XP level 5. HP: 27/50 MP: 4/4
  1511 | D:2      | Reached XP level 6. HP: 40/59 MP: 5/5
  1614 | D:2      | Found an ornate altar of the Wu Jian Council.
  1760 | D:3      | Found a runed door.
  1767 | D:3      | Noticed Tinylith's ghost (amateur KoCj)
  1776 | D:3      | Found a hide-covered altar of Uskayaw.
  1848 | D:3      | Found a runed door.
  1976 | D:3      | Reached skill level 5 in Throwing
  2230 | D:3      | Found a shimmering altar of Xom.
  2235 | D:3      | Found a shimmering altar of Xom.
  2235 | D:3      | Found a sparkling altar of Nemelex Xobeh.
  2239 | D:3      | Found an ornate altar of the Wu Jian Council.
  2239 | D:3      | Found a shimmering altar of Xom.
  2239 | D:3      | Found an ornate altar of the Wu Jian Council.
  2653 | D:4      | Noticed Edmund
  2668 | D:4      | Killed Edmund
  3048 | D:4      | Found a deep blue altar of Sif Muna.
  3102 | D:5      | Entered Level 5 of the Dungeon
  3107 | D:5      | Reached XP level 7. HP: 66/66 MP: 6/6
  3515 | D:5      | Reached skill level 5 in Unarmed Combat
  3702 | D:5      | Found a basalt altar of Yredelemnul.
  3771 | D:5      | Reached XP level 8. HP: 53/75 MP: 7/7
  3832 | D:5      | Found a bloodstained altar of Trog.
  3993 | D:5      | Found a staircase to the Ecumenical Temple.
  4009 | Temple   | Entered the Ecumenical Temple
  4125 | D:6      | Noticed Menkaure
  4129 | D:6      | Killed Menkaure
  4227 | D:6      | Noticed a kobold demonologist
  4241 | D:6      | Noticed a hellwing
  4242 | D:6      | Noticed an orange demon
  4350 | D:6      | Noticed Pikel
  4590 | D:5      | Killed Pikel
  4590 | D:5      | Reached XP level 9. HP: 58/87 MP: 8/8
  4621 | D:6      | Found a sand-covered staircase.
  4633 | Ossuary  | Entered an ossuary
  5035 | D:6      | Noticed Blork the orc
  5038 | D:6      | Killed Blork the orc
  5038 | D:6      | Reached skill level 5 in Fighting
  5168 | D:6      | Killed a kobold demonologist
  5171 | D:6      | Found a white marble altar of Elyvilon.
  5580 | D:7      | Found a sparkling altar of Nemelex Xobeh.
  6400 | D:8      | Found a burning altar of Makhleb.
  6404 | D:8      | Found a sacrificial altar of Ru.
  6407 | D:8      | Found an iron altar of Okawaru.
  7063 | D:9      | Reached XP level 10. HP: 96/98 MP: 9/9
  7086 | D:9      | Noticed Harold
  7125 | D:9      | Killed Harold
  7125 | D:9      | Reached skill level 5 in Dodging
  7662 | D:9      | Found a blossoming altar of Fedhas.
  7808 | D:9      | Found a staircase to the Orcish Mines.
  8106 | D:8      | Became a worshipper of Warmaster Okawaru
  8266 | D:10     | Entered Level 10 of the Dungeon
  8714 | D:10     | Noticed a gargoyle
  8726 | D:10     | Killed a gargoyle
  8726 | D:10     | Reached * piety under Okawaru
  8730 | D:10     | Noticed a gargoyle
  8792 | D:10     | Noticed a gargoyle
  8795 | D:10     | Noticed a gargoyle
  8832 | D:10     | Noticed a gargoyle
  8840 | D:10     | Killed a gargoyle
  8898 | D:9      | Killed a gargoyle
  8901 | D:9      | Killed a gargoyle
  8901 | D:9      | Reached ** piety under Okawaru
  8971 | D:10     | Killed a gargoyle
  8971 | D:10     | Reached XP level 11. HP: 96/109 MP: 10/10
  9293 | D:11     | Noticed a two-headed ogre
  9296 | D:11     | Killed a two-headed ogre
  9300 | D:11     | Noticed a two-headed ogre
  9310 | D:11     | Killed a two-headed ogre
  9313 | D:11     | Reached *** piety under Okawaru
  9396 | D:11     | Killed an unseen horror
  9396 | D:11     | Received a gift from Okawaru
  9972 | D:11     | Noticed a death yak
  9979 | D:11     | Noticed a cyan ugly thing
 10007 | D:11     | Killed a cyan ugly thing
 10007 | D:11     | Reached skill level 10 in Throwing
 10007 | D:11     | Reached skill level 10 in Unarmed Combat
 10073 | D:11     | Noticed a death yak
 10073 | D:11     | Noticed a death yak
 10147 | D:10     | Killed a death yak
 10270 | D:11     | Noticed a four-headed hydra
 10278 | D:11     | Killed a four-headed hydra
 10278 | D:11     | Reached **** piety under Okawaru
 10540 | D:11     | HP: 3/113 [wolf spider zombie (4)]
 10541 | D:11     | Mangled by a wolf spider zombie

Vault maps used:
D:1:      dpeg_arrival_shrine, grunt_decor_one_mirror
D:2:      fiery_altar_vehumet, lemuel_round_altar, minmay_misc_feat_rows,
          kennysheep_boxes, uniq_robin, uniq_sigmund
D:3:      eat_drink_and_be_merry_uskayaw, doesnt_xom_only_xom,
          ebering_ghost_sewer_f, minmay_bisected
D:4:      lemuel_blue_sif_altar, first_ration, uniq_edmund
D:5:      lemuel_zombie_altar_yredelemnul, minmay_temple_entry_nine_rooms,
          trog_book
D:6:      elyvilon_altar_5, enter_ossuary_3, minmay_microvault, uniq_pikel,
          uniq_menkaure, uniq_blork_the_orc
D:7:      marbit_many_paths, serial_bayou_ford_a, solitary_fountain
D:8:      minmay_overflow_temple_star_quad, grunt_livestock
D:9:      david_orc_4, basic_altar, uniq_harold
D:10:     cheibrodos_statue_roulette
D:11:     dpeg_lair_monsters, minmay_door_square
Temple:   zaba_magenta_temple
Ossuary:  ossuary_tomb_3

Skill      XL: |  1  2  3  4  5  6  7  8  9 10 11 |
---------------+----------------------------------+-----
Unarmed Combat | 1 3 4 5 6 7 9 10 | 10.2
Throwing       | 4 5 6 7 8 9 10 | 10.2
Fighting       | 2 3 4 6 7 8 |  8.3
Dodging        | 2 3 4 5 6 |  6.3
Stealth        | |  0.3

Action                   |  1- 3 |  4- 6 |  7- 9 | 10-12 || total
-------------------------+-------+-------+-------+-------++-------
Melee: Unarmed           |    93 |   113 |   351 |   206 ||   763
       Punch             |       |     2 |    14 |    11 ||    27
Throw: Large rock        |     1 |    21 |    45 |    73 ||   140
       Javelin           |       |     6 |     2 |     6 ||    14
       Stone             |       |       |     4 |       ||     4
       Throwing net      |       |       |     1 |     7 ||     8
       Tomahawk          |       |       |       |     6 ||     6
Invok: Heroism           |       |       |       |     4 ||     4
  Use: Scroll            |       |     6 |       |    11 ||    17
       Potion            |       |     2 |       |     5 ||     7
 Stab: Sleeping          |       |     3 |     2 |     1 ||     6
       Held in net/web   |       |       |       |     4 ||     4
  Eat: Chunk             |    14 |    18 |    39 |    36 ||   107
Armor: Robe              |    27 |    33 |    71 |    36 ||   167
       Skin              |       |       |       |     1 ||     1
Dodge: Dodged            |    51 |    54 |   171 |   115 ||   391

Table legend:
 A = Non-vault XP
 B = Vault XP
 C = Vault XP percentage of total XP
 D = Non-vault monster count
 E = Vault monster count
 F = Vault count percentage of total count
                 A         B        C        D         E       F
            +---------+---------+-------+---------+---------+-------
      Total |   11961 |    6486 |  35.2 |     201 |      63 |  23.9
            +---------+---------+-------+---------+---------+-------
        D:1 |      69 |       2 |   2.8 |      16 |       1 |   5.9
        D:2 |      94 |     244 |  72.2 |      29 |      12 |  29.3
        D:3 |     106 |       2 |   1.9 |      16 |       1 |   5.9
        D:4 |      22 |     169 |  88.5 |       4 |       1 |  20.0
        D:5 |    1220 |     654 |  34.9 |      31 |       3 |   8.8
        D:6 |     481 |     621 |  56.4 |      14 |       3 |  17.6
        D:7 |     516 |       2 |   0.4 |      12 |       1 |   7.7
        D:8 |     190 |     277 |  59.3 |       3 |       3 |  50.0
        D:9 |    2003 |    2188 |  52.2 |      20 |      14 |  41.2
       D:10 |    1389 |    2102 |  60.2 |      23 |       4 |  14.8
       D:11 |    5871 |      18 |   0.3 |      33 |       4 |  10.8
    Ossuary |       0 |     207 | 100.0 |       0 |      16 | 100.0
            +---------+---------+-------+---------+---------+-------
